AoeStats
← The_KaizeI2

Arabia

509392616Analyzed
1v1 RM · 7d ago on Sep 26, 2026· 82m 13s· 2 players
Game mode
Random Map
Map size
Tiny (2 player)
Population
200
Speed
Normal
Resources
Standard
Victory
Conquest
Starting age
Dark Age
Ending age
Imperial Age
RankedLock teamsTeams togetherTeam positionsShared explorationLock speedFull tech treeHidden civsTurbo modeCheats
Victory
Defeat
🇨🇭 Goths · Switzerland
646
+16
🇺🇸 Vietnamese · United States
645
-16
Hannibal
0:45 Loom
12:48 Feudal Age
13:32 Man-at-Arms
20:57 Forging
24:52 Castle Age
23:19 Horse Collar
24:33 Stone Mining
25:09 Gold Mining
25:47 Town Watch
26:09 Heavy Plow
26:45 Scale Mail Armor
27:15 Bloodlines
27:20 Husbandry
27:11 Long Swordsman
31:08 Fletching
32:49 Wheelbarrow
33:10 Bodkin Arrow
38:24 Murder Holes
41:02 Imperial Age
39:40 Masonry
41:54 Two-Handed Swordsman
42:35 Squires
45:08 Hand Cart
46:43 Iron Casting
46:11 Light Cavalry
47:48 Stone Shaft Mining
49:01 Crossbowman
52:16 Crop Rotation
54:00 Bracer
54:39 Town Patrol
54:50 Double-Bit Axe
56:30 Bow Saw
58:33 Paper Money
58:48 Padded Archer Armor
58:46 Champion
61:32 Arbalester
63:05 Thumb Ring
63:20 Elite Skirmisher
64:23 Fortified Wall
65:46 Chemistry
65:29 Scale Barding Armor
70:30 Hoardings
71:07 Chatras
72:17 Chain Mail Armor
72:23 Chain Barding Armor
71:50 Treadmill Crane
The_KaizeI2
5:36 Loom
12:32 Feudal Age
13:14 Double-Bit Axe
13:14 Horse Collar
18:46 Man-at-Arms
19:54 Forging
22:51 Scale Mail Armor
25:05 Castle Age
26:05 Wheelbarrow
26:17 Bow Saw
26:29 Heavy Plow
26:24 Stone Mining
26:02 Long Swordsman
26:46 Squires
27:06 Pikeman
32:18 Fletching
35:45 Bodkin Arrow
39:56 Imperial Age
40:49 Two-Handed Swordsman
42:31 Hand Cart
46:46 Champion
46:51 Halberdier
48:10 Iron Casting
52:26 Blast Furnace
51:42 Chain Mail Armor
54:10 Perfusion
54:33 Conscription
53:34 Elite Huskarl
54:16 Anarchy
60:48 Town Watch
61:33 Town Patrol
73:17 Chemistry
72:38 Ballistics
72:24 Murder Holes
72:49 Masonry
Connection lost

Rejoining the realm…

Still unreachable

The connection could not be restored.

Session expired

The server has moved on; the page needs a fresh start.